 Dungeon Crawl Stone Soup version 0.25.0-11-g1f837a76a1 (webtiles) character file.

Game seed: 4809381937374105548

11 Esekla the Conjurer (level 2, -9/13 HPs)
             Began as a Vine Stalker Conjurer on June 26, 2020.
             Killed by divine providence
             ... invoked by an orc priest
              (14 damage)
             ... on level 2 of the Dungeon.
             The game lasted 00:04:41 (653 turns).

Esekla the Conjurer (Vine Stalker Conjurer)          Turns: 653, Time: 00:04:41

Health: -9/13      AC:  3    Str: 10    XL:     2   Next: 25%
Magic:  0/6        EV: 12    Int: 15    God:
Gold:   18         SH:  0    Dex: 14    Spells: 2/5 levels left

rFire    . . .     SeeInvis .   (no weapon)
rCold    . . .     Gourm    .   (no shield)
rNeg     . . .     Faith    .   a - +0 robe
rPois    .         Spirit   +   (no helmet)
rElec    .         Reflect  .   (no cloak)
rCorr    .         Harm     .   b - +0 pair of gloves
MR       .....                  (no boots)
Stlth    ++........             (no amulet)
HPRegen  0.04/turn              (no ring)
MPRegen  0.10/turn              (no ring)

@: no status effects
A: fangs 2, magic shield, antimagic bite, no potion heal 3, rot immunity
a: no special abilities


You were on level 2 of the Dungeon.
You were not hungry.

You visited 1 branch of the dungeon, and saw 2 of its levels.

You collected 18 gold pieces.

Inventory:

Armour
 a - a +0 robe (worn)
 b - a +0 pair of gloves (worn)
Jewellery
 d - an uncursed ring of poison resistance {unknown}
Scrolls
 e - a scroll of fear {unknown}
 f - a scroll of fog {unknown}
 h - a scroll of identify {unknown}
Potions
 g - a potion of heal wounds {unknown}
Comestibles
 c - 3 rations


   Skills:
 + Level 1.5 Dodging
 - Level 2.4 Stealth
 * Level 2.3 Spellcasting
 * Level 4.4 Conjurations


You had 2 spell levels left.
You knew the following spells:

 Your Spells              Type           Power        Failure   Level  Hunger
a - Magic Dart            Conj           ###.         3%          1    #......
e - Searing Ray           Conj           ###...       5%          2    ###....

Your spell library contained the following spells:

 Spells                   Type           Power        Failure   Level  Hunger
 Dazzling Flash           Conj/Hex       #.....       26%         3    ###....
 Fulminant Prism          Conj/Hex       #.........   65%         4    #####..
 Iskenderun's Mystic Bla  Conj/Tloc      #.......     65%         4    #####..


Dungeon Overview and Level Annotations

Branches:
Dungeon (2/15)

Altars:


Innate Abilities, Weirdness & Mutations

You have extremely sharp teeth.
When hurt, damage is shared between your health and your magic reserves.
Your bite disrupts and absorbs the magic of your enemies.
Potions cannot restore your health.
You are immune to rotting.


Message History

A gnoll comes into view.
There is a stone staircase leading up here.
Casting: Magic Dart (safe; 3% risk of failure)
Confirm with . or Enter, or press ? or * to list all spells.
Aiming: Searing Ray (safe; 5% risk of failure)
Press: ? - help, Shift-Dir - straight line, f - orc priest
Aim: an orc priest, wielding a +0 flail The searing ray hits the orc priest.
The orc priest is moderately wounded. (Press . to maintain the ray.)
The orc priest invokes the aid of Beogh against you.
Beogh smites you!
Ouch! That really hurt!
The searing ray hits the orc priest.
The orc priest is severely wounded.
The searing ray misses the orc priest.
The orc priest invokes the aid of Beogh against you.
Beogh smites you!
Ouch! That really hurt!
You die...

... ... #.# #.#
#.. ..# #.# #.#
#.# #.#
#.##.#####.#
#.##.......#
#.##.#####.#
#.##.@# #.#
#.##.o####.####..
#.##..o...........
#.##.###.#.####...
#...............
####.(.....o....
#.###.#.#...o.
#.##..........
#.##...##.o...


You could see an orc priest and an orc.

Vanquished Creatures
  A leopard gecko (D:1)
  A bat (D:1)
  A giant cockroach (D:1)
  2 goblins (D:1)
  A hobgoblin (D:1)
  A kobold (D:1)
  2 rats (D:1)
9 creatures vanquished.

Notes
Turn   | Place    | Note
-------+----------+-------------------------------------------
     0 | D:1      | Esekla the Vine Stalker Conjurer began the quest for the
                  | Orb.
     0 | D:1      | Reached XP level 1. HP: 9/9 MP: 4/4
   414 | D:1      | Reached XP level 2. HP: 13/13 MP: 1/6
   571 | D:1      | Learned a level 2 spell: Searing Ray
   653 | D:2      | Killed from afar by an orc priest

Illustrated notes

Levels and vault maps discovered:
D:1:      matt_arrival_spirals, layout_loops_corners
D:2:      layout_basic, old_standard_altar, first_ration, uniq_natasha,
          uniq_terence

Action                   || total
-------------------------++-------
Melee: Unarmed           ||     1
 Cast: Magic Dart        ||    16
       Searing Ray       ||     1
Armor: Robe              ||     2
Dodge: Dodged            ||     6
